 Dungeon Crawl Stone Soup version 0.25-a0-85-g7617fd2bc2 (webtiles) character file.

Game seed: 8601125502667117628, levelgen mode: deterministic

1603865 pianissimo the Slayer (level 27, 207/207 HPs)
             Began as an Octopode Monk on Nov 8, 2019.
             Was a High Priest of Okawaru.
             Escaped with the Orb
             ... and 3 runes!
             The game lasted 02:21:20 (80055 turns).

pianissimo the Slayer (Octopode Monk)              Turns: 80055, Time: 02:21:21

Health: 207/207    AC:  6    Str: 31    XL:     27
Magic:  39/39      EV: 35    Int: 14    God:    Okawaru [*****.]
Gold:   400        SH: 21    Dex: 23    Spells: 1/50 levels left

rFire    + + +     SeeInvis .   I - +8 broad axe (elec)
rCold    + + .     Gourm    .   K - +5 shield {AC+3}
rNeg     . . .     Faith    .   a - +2 hat "Fohoph" {+Inv rC+ Str+4 Stlth+}
rPois    .         Spirit   .   k - amulet "Dipte" {RegenMP rF+++ Str+4 Stlth+}
rElec    .         Reflect  .   r - +3 ring of slaying
rCorr    +         Harm     .   M - +4 ring of evasion
MR       +++..     Clarity  +   o - ring of protection from magic
Stlth    +++.......             u - ring "Hudid" {MR- Dex+3 Slay+5 Stlth+}
HPRegen  0.44/turn              S - ring of Cata Upp {rCorr Str+7 Int-2 Dex+4}
MPRegen  0.51/turn              U - ring of wizardry
                                B - ring of protection from magic
                                e - ring of protection from cold

@: no status effects
A: almost no armour, stealthy swim, amphibious, 8 rings, constrict 8, camouflage
1, clarity, screaming 1, weak 1, gelatinous body 1
0: Orb of Zot
}: 3/15 runes: barnacled, silver, gossamer
a: Heroism, Finesse, Renounce Religion, Evoke Invisibility


You escaped.
You worshipped Okawaru.
Okawaru was extremely pleased with you.
You were very hungry.

You visited 9 branches of the dungeon, and saw 49 of its levels.
You visited 2 bazaars.
You visited 1 ziggurat, and saw 6 of its levels.
You also visited: Sewer, Bailey and Ice Cave.

You collected 9224 gold pieces.
You spent 8824 gold pieces at shops.

Inventory:

Hand Weapons
 s - a +3 antimagic broad axe
 F - the +1 war axe of Anarchy {elec, -Tele Dex+5}
   (Okawaru gifted it to you on level 2 of the Vaults)

   Occasionally, upon striking a foe, it will discharge some electrical energy
   and cause terrible harm.
   It affects your dexterity (+5).
   It prevents most forms of teleportation.
 I - a +8 broad axe of electrocution (weapon)
Missiles
 f - 1501 arrows
 V - 10 throwing nets (quivered) {!f}
Armour
 a - the +2 hat "Fohoph" (worn) {+Inv rC+ Str+4 Stlth+}
   (Okawaru gifted it to you on level 1 of the Shoals)

   It affects your strength (+4).
   It protects you from cold.
   It lets you turn invisible.
   It makes you more stealthy.
 C - a +2 hat of magic resistance
 K - a +5 shield of protection (worn)
Jewellery
 e - a ring of protection from cold (on tentacle)
 k - the amulet "Dipte" (around mantle) {RegenMP rF+++ Str+4 Stlth+}
   (You acquired it in a bazaar)

   [amulet of magic regeneration]

   It increases your magic regeneration.
   It affects your strength (+4).
   It renders you almost immune to fire.
   It makes you more stealthy.
 o - a ring of protection from magic (on tentacle)
 r - a +3 ring of slaying (left tentacle)
 u - the ring "Hudid" (on tentacle) {MR- Dex+3 Slay+5 Stlth+}
   (You bought it in a shop in a bazaar)

   [ring of dexterity]

   It affects your dexterity (+3).
   It affects your accuracy and damage with ranged weapons and melee attacks
   (+5).
   It affects your resistance to hostile enchantments.
   It makes you more stealthy.
 B - a ring of protection from magic (on tentacle)
 H - a +5 ring of intelligence
 J - an uncursed ring of see invisible
 M - a +4 ring of evasion (right tentacle)
 S - the ring of Cata Upp (on tentacle) {rCorr Str+7 Int-2 Dex+4}
   (You took it off an ogre mage on level 4 of the Depths)

   [ring of resist corrosion]

   It affects your strength (+7).
   It affects your intelligence (-2).
   It affects your dexterity (+4).
   It provides partial protection from all sources of acid and corrosion.
 U - a ring of wizardry (on tentacle)
Wands
 d - a wand of disintegration (8)
 j - a wand of acid (29)
 t - a wand of clouds (11)
 w - a wand of scattershot (13)
 y - a wand of enslavement (27)
 z - a wand of digging (15)
 L - a wand of iceblast (44)
 P - a wand of paralysis (35)
Scrolls
 c - 7 scrolls of blinking
 l - 14 scrolls of teleportation {@r3}
 n - 3 scrolls of summoning
 x - 3 scrolls of fear
 A - 8 scrolls of fog
 E - 3 scrolls of holy word
 Z - 11 scrolls of identify {@r1}
Potions
 i - a potion of magic
 m - 14 potions of heal wounds
 p - 9 potions of mutation
 q - 4 potions of brilliance
 v - 26 potions of curing {@q1}
 G - 10 potions of might
 O - a potion of lignification
 Q - 4 potions of ambrosia
 R - 9 potions of agility
 T - 4 potions of haste
 W - 5 potions of cancellation
 X - 4 potions of resistance
Miscellaneous
 h - 4 boxes of beasts
 D - a phial of floods
 N - 7 phantom mirrors
 Y - 2 sacks of spiders
Comestibles
 b - 43 rations


   Skills:
 - Level 22.0 Fighting
   Level 3.0 Short Blades
 - Level 18.0 Axes
 - Level 18.0 Dodging
 - Level 2.6 Stealth
 - Level 16.3 Shields
 - Level 12.0 Spellcasting
 - Level 3.0 Hexes
 - Level 7.0 Charms
 - Level 12.0 Necromancy
 - Level 5.0 Translocations
 - Level 10.0 Transmutations
 - Level 6.0 Air Magic
 + Level 16.5 Earth Magic
 - Level 13.0 Invocations
 + Level 21.3 Evocations


You had one spell level left.
You knew the following spells:

 Your Spells              Type           Power        Failure   Level  Hunger
a - Confusing Touch       Hex            ###...       1%          1    None
b - Summon Lightning Spi  Summ/Air       ###.....     10%         4    ###....
c - Borgnjor's Vile Clut  Necr/Erth      #####.....   1%          5    #####..
d - Regeneration          Chrm/Necr      #####.....   1%          3    None
e - Animate Dead          Necr           N/A          1%          4    ###....
f - Dispel Undead         Necr           #####...     1%          5    #####..
g - Statue Form           Tmut/Erth      #####....    2%          6    ######.
h - Apportation           Tloc           ###...       1%          1    None
i - Summon Butterflies    Summ           #.......     3%          1    None
j - Swiftness             Chrm/Air       ####....     1%          2    None
k - Sticks to Snakes      Tmut           #####...     1%          2    None
l - Sublimation of Blood  Necr           #####.....   1%          2    None
m - Silence               Hex/Air        ###.......   16%         5    #####..
n - Blink                 Tloc           N/A          1%          2    None
o - Deflect Missiles      Chrm/Air       ####......   32%         6    ######.

Your spell library contained the following spells:

 Spells                   Type           Power        Failure   Level  Hunger
 Sandblast                Erth           ######       0%          1    None
 Animate Skeleton         Necr           N/A          1%          1    None
 Beastly Appendage        Tmut           #####.       1%          1    None
 Corona                   Hex            ###....      1%          1    None
 Pain                     Necr           ####         1%          1    None
 Shock                    Conj/Air       ###.         1%          1    None
 Flame Tongue             Conj/Fire      #....        3%          1    None
 Magic Dart               Conj           #...         3%          1    None
 Sting                    Conj/Pois      #...         3%          1    None
 Summon Small Mammal      Summ           #...         3%          1    None
 Corpse Rot               Necr           N/A          1%          2    None
 Poisonous Vapours        Pois/Air       ###...       1%          2    None
 Shroud of Golubria       Chrm/Tloc      ####..       1%          2    None
 Gell's Gravitas          Tloc           ###.......   1%          3    None
 Lesser Beckoning         Tloc           ###.......   1%          3    None
 Portal Projectile        Hex/Tloc       ###...       1%          3    None
 Spider Form              Tmut/Pois      ###.......   1%          3    None
 Stone Arrow              Conj/Erth      ####..       1%          3    None
 Teleport Other           Tloc           ###.....     1%          3    None
 Vampiric Draining        Necr           #####.....   1%          3    None
 Leda's Liquefaction      Hex/Erth       #####.....   1%          4    ###....
 Petrify                  Tmut/Erth      #####...     1%          4    ###....
 Agony                    Necr           #####...     1%          5    #####..
 Blade Hands              Tmut           #####.....   1%          5    #####..
 Excruciating Wounds      Chrm/Necr      #####.....   1%          5    #####..
 Lee's Rapid Deconstruct  Erth           ######....   1%          5    #####..
 Ensorcelled Hibernation  Hex/Ice        ##....       2%          2    None
 Airstrike                Air            ####......   2%          4    ###....
 Confuse                  Hex            ###.....     3%          3    None
 Recall                   Summ/Tloc      N/A          3%          3    None
 Static Discharge         Conj/Air       ###.....     3%          3    None
 Tukima's Dance           Hex            ###.....     3%          3    None
 Mephitic Cloud           Conj/Pois/Air  ##......     4%          3    None
 Ice Form                 Ice/Tmut       ###.....     4%          4    ###....
 Death Channel            Necr           #####.....   4%          6    ######.
 Searing Ray              Conj           #.....       5%          2    None
 Throw Flame              Conj/Fire      #.....       5%          2    None
 Dazzling Spray           Conj/Hex       ##....       6%          3    None
 Inner Flame              Hex/Fire       ##......     6%          3    None
 Yara's Violent Unravell  Hex/Tmut       ####......   6%          5    #####..
 Bolt of Draining         Conj/Necr      ####......   9%          5    #####..
 Hydra Form               Tmut           #####.....   9%          6    ######.
 Bolt of Magma            Conj/Fire/Erth ###.......   10%         5    #####..
 Conjure Flame            Conj/Fire      #.......     11%         3    None
 Force Lance              Conj/Tloc      ###.....     12%         4    ###....
 Alistair's Intoxication  Tmut/Pois      ###.....     12%         5    #####..
 Irradiate                Conj/Tmut      ###.......   12%         5    #####..
 Fulminant Prism          Conj/Hex       ##........   17%         4    ###....
 Iron Shot                Conj/Erth      ####......   17%         6    ######.
 Iskenderun's Battlesphe  Conj/Chrm      ###.....     22%         5    #####..
 Lightning Bolt           Conj/Air       ###.......   26%         5    #####..
 Iskenderun's Mystic Bla  Conj           #.......     32%         4    ###....
 Sticky Flame             Conj/Fire      #.......     32%         4    ###....
 Summon Forest            Summ/Tloc      ###.......   32%         5    #####..
 Simulacrum               Ice/Necr       ####......   38%         6    ######.
 Dragon Form              Tmut           #####.....   41%         7    #######
 Metabolic Englaciation   Hex/Ice        ##........   43%         5    #####..
 Fireball                 Conj/Fire      #.........   65%         5    #####..
 Venom Bolt               Conj/Pois      #.........   65%         5    #####..
 Conjure Ball Lightning   Conj/Air       ###.......   80%         6    ######.
 Darkness                 Hex            ###.......   80%         6    ######.
 Invisibility             Hex            ###.....     80%         6    ######.
 Borgnjor's Revivificati  Necr           #####.....   82%         8    #######
 Infestation              Necr           #####.....   82%         8    #######
 Freezing Cloud           Conj/Ice/Air   ##........   89%         6    ######.
 Haunt                    Necr/Summ      ####......   91%         7    #######
 Necromutation            Tmut/Necr      #####.....   91%         8    #######
 Death's Door             Chrm/Necr      #####.....   98%         8    #######
 Shatter                  Erth           ######....   98%         9    #######
 Ring of Flames           Chrm/Fire      ###.......   99%         7    #######
 Orb of Destruction       Conj           #.........   100%        7    #######
 Spellforged Servitor     Conj/Summ      #.........   100%        7    #######
 Summon Hydra             Summ           #.........   100%        7    #######
 Discord                  Hex            ###.......   100%        8    #######
 Tornado                  Air            ####......   100%        9    #######
 Passage of Golubria      Tloc           Unusable     N/A         4    N/A

Dungeon Overview and Level Annotations

Branches:
Dungeon (15/15)            Temple (0/1) D:5            Lair (6/6) D:11
 Shoals (4/4) Lair:2       Spider (4/4) Lair:3        Slime (0/5) Lair:6
    Orc (2/2) D:11            Elf (3/3) Orc:2        Vaults (5/5) D:13
  Crypt (0/3) Vaults:2     Depths (5/5) D:15            Zot (5/5) Depths:5
  Sewer (visited)          Bailey (visited)           IceCv (visited)

Altars:
Cheibriados
Elyvilon
Gozag
Kikubaaqudgha
Makhleb
Nemelex Xobeh
Okawaru
Vehumet
Xom
Yredelemnul
Beogh
Jiyva

Shops:
D:15 %   Orc:2 }![}   Elf:2 (   Shoals:3 *   Vaults:2 }   Vaults:3 [=[*:
Vaults:4 %   Vaults:5 (   Depths:1 =   Depths:4 ?

Portals:
Hell: Depths:1 Depths:2 Depths:3 Depths:4 Depths:5
Abyss: Depths:1 Depths:4
Pandemonium: Depths:2 Depths:3

Annotations:
D:13 exclusion: 4 doors
Lair:5 Rupert
Spider:1 1 runed translucent door, Venir's ghost, journeyman MiBe
Elf:2 exclusion: deep elf blademaster
Vaults:1 3 runed translucent doors, Ynisk's ghost, adept HaHu


Innate Abilities, Weirdness & Mutations

You cannot wear most types of armour.
You are very stealthy in the water. (Stealth+)
You are amphibious.
You can wear up to eight rings at the same time.
You can use your tentacles to constrict eight enemies at once.
Your skin changes colour to match your surroundings (Stealth+).
Your rubbery body absorbs attacks. (AC +1, EV +1)
You possess an exceptional clarity of mind.
You occasionally shout uncontrollably at your foes.
You are weak. (Str -2)


Message History

You block the ufetubus's attack.
The ufetubus hits you but does no damage.
The ufetubus hits you but does no damage.
The ufetubus completely misses you. You block the ufetubus's attack.
The ufetubus completely misses you.
The ufetubus hits something but does no damage.
The ufetubus hits something.
You hear a splashing noise.
You open the door. You block the ufetubus's attack. x2
The ufetubus completely misses you. You block the ufetubus's attack.
The ynoxinul gestures.
You block the ufetubus's attack. x2
There is an open door here.
An ufetubus opens the door.
You block the ufetubus's attack. x2
An ufetubus opens the door.
You block the ufetubus's attack. The ufetubus completely misses you.
There is a staircase leading out of the dungeon here.
The ufetubus disappears in a puff of smoke!
The ufetubus completely misses you. x2
You have escaped!

.........≈.≈≈≈≈##
..≈≈..PP≈≈≈≈♣P♣.##
#♣≈≈≈≈≈≈≈≈≈♣≈##.3###
##P≈≈≈≈♣P≈♣≈.......###
##.♣♣♣♣♣♣♣♣#...5.....#
.....♣♣♣♣ #..+'''++.#
###.#...# #..+.5§.+.#
#.#...## #..'.5.§+.#
###......###..+5@§§+.#
.........#....+....+.#
.......#.#.#..+++'++.#
....#....#...........#
.......######.###....#
.......#...##.######.#
###......#÷##...# #..#
#....###.####.###.##
#....# #.#....##..#


You could see a ynoxinul and 4 ufetubi.

Vanquished Creatures
  6 orbs of fire (Zot:5)
  4 ancient liches (Zot:5)
  A juggernaut (Depths:2)
  3 Killer Klowns (Zot:5)
  Nikola (Spider:4)
  Xtahua (Depths:3)
  Arachne (Spider:4)
  3 golden dragons
  2 pandemonium lords
  A bone dragon (Depths:5)
  3 electric golems
  7 liches
  Jorgrun (D:14)
  9 tentacled monstrosities
  26 Orb Guardians
  5 titans
  3 deep elf blademasters
  4 quicksilver dragons
  An Executioner (Depths:5)
  3 deep elf master archers
  3 death cobs
  A thorn hunter (Zig:4)
  5 sphinxes
  2 tentacled starspawn (Zig:6)
  Gastronok (D:9)
  2 krakens
  12 shadow dragons
  12 storm dragons
  Donald (Vaults:1)
  7 tengu reavers
  Ilsuiw (Shoals:2)
  2 draconian monks
  4 draconian knights
  The ghost of CymothoaExigua the Earth Mage, an adept OpEE of Vehumet (Elf:1)
  17 vault wardens
  15 frost giants
  9 fire giants
  6 deep elf sorcerers
  6 draconian scorchers
  2 iron dragons
  An orc warlord (Bailey)
  Louise (Depths:1)
  7 ghost moths
  7 emperor scorpions
  3 draconian shifters
  Aizul (Spider:2)
  5 draconian annihilators
  4 deep elf elementalists
  29 very ugly things
  5 draconian stormcallers
  25 ironheart preservers
  2 war gargoyles
  2 spriggan defenders (Depths:3)
  10 entropy weavers
  16 stone giants
  3 vampire knights
  9 green draconians
  10 deep elf annihilators
  12 deep elf demonologists
  Azrael (D:13)
  10 black draconians
  10 red draconians
  5 yellow draconians
  A minotaur (Vaults:1)
  8 purple draconians
  2 lorocyprocas
  10 white draconians
  A spark wasp (Spider:3)
  18 ettins
  Snorg (D:13)
  6 merfolk javelineers (Shoals:4)
  10 deep elf death magi
  3 blizzard demons (Depths:3)
  2 jiangshi (Depths:3)
  7 fire dragons
  6 great orbs of eyes
  3 deep elf high priests
  13 merfolk impalers
  19 ogre magi
  13 yaktaur captains
  39 vault guards
  8 ice dragons
  4 rakshasas
  2 spriggan air magi (Depths:5)
  9 hydras
  A shambling mangrove (Zig:4)
  An anaconda (Lair:6)
  4 merfolk avatars
  A queen ant (Lair:2)
  2 death knights (Vaults:2)
  11 centaur warriors
  29 dancing weapons
  13 deep troll earth magi
  43 two-headed ogres
  Erica (D:9)
  3 tengu warriors
  4 merfolk aquamancers
  12 deep troll shamans
  4 vampire magi
  2 satyrs
  Urug (Lair:5)
  4 soul eaters
  3 orc high priests
  4 death yaks (Depths:4)
  5 spriggan berserkers
  A storm dragon zombie (Vaults:4)
  Nergalle (Orc:2)
  29 deep elf knights
  A wretched star (Zig:6)
  2 skeletal warriors (Vaults:2)
  6 iron trolls
  7 hell knights
  6 shadow wraiths
  41 deep trolls
  2 glowing orange brains
  An infernal demonspawn (Zot:1)
  12 sea snakes
  3 wizards
  An obsidian statue (Zig:5)
  24 orc knights
  3 flayed ghosts
  A lindwurm (shapeshifter) (Vaults:4)
  A harpy (shapeshifter) (Vaults:3)
  2 sphinx zombies
  21 deep elf archers
  A wolf spider zombie (D:13)
  2 orange crystal statues (Zig:5)
  21 ironbrand convokers
  4 phantasmal warriors
  26 harpies
  A shining eye (Zig:6)
  6 necromancers
  12 orc sorcerers
  7 oklob plants
  3 fauns
  18 manticores
  9 orb spiders
  70 deep elf magi
  23 wolf spiders
  15 cyclopes
  57 ugly things
  23 elephants
  19 moths of wrath
  A naga mage (Zig:1)
  14 vault sentinels
  Maurice (D:8)
  Joseph (D:8)
  3 rust devils
  4 black mambas
  16 merfolk sirens
  3 smoke demons
  4 water nymphs
  A gargoyle (D:14)
  A black mamba (shapeshifter) (Vaults:1)
  3 ice statues
  11 spiny frogs
  5 centaur skeletons
  4 rime drakes
  An elf skeleton (Vaults:5)
  41 yaktaurs
  3 kobold demonologists
  A hellion (Zig:6)
  5 freezing wraiths
  3 komodo dragons (Lair:6)
  12 demonic crawlers
  2 yaktaur skeletons
  6 ice devils (IceCv)
  A red devil (Depths:3)
  An efreet (D:13)
  2 hellwings
  30 merfolk
  5 tengu conjurers
  2 trolls (shapeshifter)
  5 polar bears (Lair:2)
  17 jumping spiders
  A queen bee (shapeshifter) (Depths:1)
  9 trolls
  2 jumping spiders (shapeshifter)
  A sphinx simulacrum (Vaults:4)
  4 blink frogs (Lair:3)
  15 hornets
  A raiju (shapeshifter) (D:14)
  15 hippogriffs
  2 wind drakes
  3 dream sheep
  16 snapping turtles
  28 slime creatures
  An air elemental (Zig:5)
  3 centaur simulacra
  59 redbacks
  6 wyverns
  2 elf zombies
  A redback (shapeshifter) (Vaults:5)
  5 spriggans
  23 water elementals
  35 yaks
  3 shadows
  3 ynoxinuls (Depths:3)
  A vampire (D:12)
  29 tarantellas
  5 wraiths
  6 fire elementals
  3 basilisks
  A hungry ghost (D:9)
  A redback simulacrum (D:14)
  A swamp worm (shapeshifter) (Vaults:1)
  A deep troll zombie (Vaults:4)
  6 vampire mosquitoes
  7 soldier ants (Lair:2)
  6 wargs
  A naga (Zig:1)
  2 acid dragons (Vaults:2)
  A floating eye (Depths:2)
  57 orc warriors
  A hell hound (D:13)
  15 ice beasts
  A large abomination (Zig:6)
  7 porcupines
  5 sky beasts
  11 water moccasins
  5 black bears
  A black bear (shapeshifter) (Vaults:4)
  A phantom (D:9)
  58 ogres
  15 centaurs
  An ogre (shapeshifter) (Elf:1)
  2 necrophages
  3 small abominations
  10 wolves
  An eye of draining (D:14)
  12 crocodiles
  9 big kobolds
  A gnoll sergeant (D:11)
  A wyvern zombie (D:12)
  15 bullfrogs
  A water moccasin zombie (D:7)
  3 earth elementals
  A glowing shapeshifter simulacrum (Vaults:4)
  2 human skeletons (Vaults:4)
  3 wyvern skeletons
  5 scorpions
  28 killer bees
  9 wights
  3 howler monkeys
  3 human simulacra
  2 electric eels
  5 jellies
  2 bullfrog zombies
  7 crimson imps
  4 centaur zombies
  3 quasits
  17 orc priests
  5 hounds
  Crazy Yiuf (D:4)
  2 bullfrog skeletons
  An iron imp (Depths:3)
  7 hell rats (Lair:6)
  An iguana (D:4)
  23 worker ants
  35 orc wizards
  2 spriggan simulacra (IceCv)
  4 troll simulacra (IceCv)
  2 hound zombies (D:6)
  A hound skeleton (D:11)
  2 howler monkey skeletons
  9 gnolls
  A naga simulacrum (IceCv)
  An ogre simulacrum (IceCv)
  11 adders
  6 shadow imps
  A white imp (Depths:3)
  2 ufetubi (Depths:3)
  3 adder skeletons
  2 worms
  2 dart slugs
  10 leopard geckos
  108 orcs
  3 ball pythons (D:3)
  5 giant cockroaches
  20 goblins
  12 hobgoblins
  29 jackals
  5 quokkas
  3 bats
  4 frilled lizards
  A jackal skeleton (D:5)
  41 kobolds
  A quokka skeleton (D:5)
  A quokka zombie (D:8)
  11 rats
  A fungus (Lair:3)
  20 plants
  6 starspawn tentacles (Zig:6)
  5 tentacles
2445 creatures vanquished.

Vanquished Creatures (collateral kills)
  Saint Roka (Orc:2)
  A vault warden (Vaults:2)
  2 stone giants
  A very ugly thing (Depths:1)
  An entropy weaver (Vaults:5)
  A purple draconian (Zot:4)
  An ettin (Vaults:1)
  A merfolk impaler (Shoals:4)
  2 ogre magi
  3 spriggan berserkers (Depths:1)
  A sea snake (Shoals:2)
  An orc knight (Vaults:5)
  A harpy (Shoals:4)
  3 deep elf magi
  5 ugly things
  2 orb spiders (Spider:1)
  4 fauns
  A wolf spider (Spider:1)
  A cyclops (Depths:4)
  2 slime creatures (Vaults:1)
  A manticore (Shoals:2)
  2 water nymphs
  An eye of devastation (shapeshifter) (Vaults:5)
  An ice devil (IceCv)
  4 yaktaurs
  A freezing wraith (Vaults:2)
  2 merfolk
  A snapping turtle (Shoals:4)
  A dream sheep (Shoals:2)
  A redback (Vaults:5)
  A water elemental (Depths:1)
  2 tarantellas (Spider:1)
  A vampire mosquito (D:14)
  A hell hound (D:13)
  2 orc warriors
  4 ogres (Vaults:5)
  An orc priest (Orc:2)
  An ooze (shapeshifter) (Vaults:5)
  3 orcs
66 creatures vanquished.

Vanquished Creatures (others)
  A lich (Depths:2)
  A storm dragon (Zot:4)
  A very ugly thing (Depths:5)
  A deep troll (Depths:2)
  A deep elf mage (Zig:5)
  A wolf spider (Vaults:2)
  A manticore (Shoals:2)
  A komodo dragon (D:13)
  A demonic crawler (Spider:2)
  A merfolk (Shoals:2)
  An orc wizard (Vaults:2)
  A white imp (Depths:3)
  2 bushes (Lair:6)
  11 fungi
  22 plants
  2 starspawn tentacles (Zig:6)
  9 tentacles
58 creatures vanquished.

Grand Total: 2569 creatures vanquished

Notes
Turn   | Place    | Note
-------+----------+-------------------------------------------
     0 | D:1      | pianissimo the Octopode Monk began the quest for the Orb.
     0 | D:1      | Reached XP level 1. HP: 16/16 MP: 1/1
    67 | D:1      | Reached XP level 2. HP: 10/21 MP: 2/2
   545 | D:1      | Reached XP level 3. HP: 19/27 MP: 3/3
  1001 | D:2      | Reached skill level 4 in Fighting
  1168 | D:2      | Reached XP level 4. HP: 9/34 MP: 4/4
  1547 | D:2      | Found an opulent altar of Gozag.
  1837 | D:2      | Reached XP level 5. HP: 24/38 MP: 5/5
  2177 | D:3      | Reached skill level 5 in Fighting
  2233 | D:3      | Found a glowing drain.
  2271 | D:3      | Found an iron altar of Okawaru.
  2275 | D:3      | Became a worshipper of Warmaster Okawaru
  2275 | D:3      | Reached * piety under Okawaru
  2275 | D:3      | Reached ** piety under Okawaru
  2360 | Sewer    | Entered a sewer
  2578 | Sewer    | Noticed a big kobold
  2597 | Sewer    | Killed a big kobold
  2597 | Sewer    | Reached skill level 1 in Invocations
  2597 | Sewer    | Reached XP level 6. HP: 34/45 MP: 5/7
  2644 | Sewer    | Found a white marble altar of Elyvilon.
  3022 | D:3      | Reached skill level 6 in Fighting
  3203 | D:3      | Found a burning altar of Makhleb.
  3232 | D:3      | Found a white marble altar of Elyvilon.
  3391 | D:3      | Reached XP level 7. HP: 52/52 MP: 5/9
  3645 | D:3      | Found an iron altar of Okawaru.
  3922 | D:3      | Found a white marble altar of Elyvilon.
  4190 | D:3      | Found an iron altar of Okawaru.
  4331 | D:3      | Found a white marble altar of Elyvilon.
  4377 | D:3      | Found a burning altar of Makhleb.
  5352 | D:4      | Found a snail-covered altar of Cheibriados.
  5499 | D:4      | Reached skill level 5 in Dodging
  5867 | D:4      | Found a runed translucent door.
  5868 | D:4      | Noticed Crazy Yiuf
  6018 | D:4      | Killed Crazy Yiuf
  6065 | D:5      | Entered Level 5 of the Dungeon
  6184 | D:5      | Reached skill level 7 in Fighting
  6228 | D:5      | Reached XP level 8. HP: 60/60 MP: 11/11
  7265 | D:5      | Found a staircase to the Ecumenical Temple.
  7604 | D:6      | Reached *** piety under Okawaru
  7611 | D:6      | Reached skill level 1 in Axes
  7763 | D:6      | Reached skill level 1 in Evocations
  7835 | D:6      | Found a white marble altar of Elyvilon.
  7903 | D:6      | Received a gift from Okawaru
  7932 | D:6      | Reached skill level 5 in Invocations
  7999 | D:6      | Reached XP level 9. HP: 65/65 MP: 12/12
  8177 | D:7      | Reached **** piety under Okawaru
  8641 | D:7      | Reached skill level 8 in Fighting
  9681 | D:8      | Found a flagged portal.
  9691 | Bailey   | Entered a bailey
  9754 | Bailey   | Noticed an orc warlord
  9785 | Bailey   | Reached skill level 5 in Axes
  9942 | Bailey   | Found a runed translucent gate.
  9943 | Bailey   | Found a runed translucent gate.
  9944 | Bailey   | Found a runed translucent gate.
 10251 | Bailey   | Killed an orc warlord
 10251 | Bailey   | Reached ***** piety under Okawaru
 10251 | Bailey   | Reached XP level 10. HP: 73/73 MP: 11/13
 10278 | Bailey   | Reached XP level 11. HP: 78/78 MP: 14/14
 10356 | D:8      | Noticed Maurice
 10366 | D:8      | Killed Maurice
 10366 | D:8      | Received a gift from Okawaru
 10412 | D:8      | Noticed Joseph
 10429 | D:8      | Killed Joseph
 10707 | D:8      | Reached skill level 5 in Evocations
 10762 | D:8      | Found a transporter.
 10788 | D:8      | Found a transporter.
 11049 | D:9      | Noticed Gastronok
 11167 | D:9      | Killed Gastronok
 11167 | D:9      | Reached skill level 9 in Fighting
 11167 | D:9      | Reached skill level 10 in Axes
 11167 | D:9      | Reached skill level 1 in Shields
 11584 | D:9      | Noticed Erica
 11768 | D:9      | Killed Erica
 11880 | D:9      | Found a sparkling altar of Nemelex Xobeh.
 12053 | D:9      | Found a shimmering altar of Xom.
 12084 | D:9      | Reached XP level 12. HP: 83/85 MP: 16/16
 12446 | D:10     | Entered Level 10 of the Dungeon
 13365 | D:10     | Received a gift from Okawaru
 13390 | D:10     | Identified a scroll of acquirement
 14997 | D:11     | Found a staircase to the Orcish Mines.
 15387 | D:11     | Reached skill level 10 in Fighting
 15706 | D:12     | Noticed a seven-headed hydra
 16070 | D:12     | Noticed a two-headed ogre
 16077 | D:12     | Killed a two-headed ogre
 16253 | D:12     | Reached XP level 13. HP: 80/92 MP: 15/17
 16551 | D:13     | Noticed Azrael
 16627 | D:13     | Killed Azrael
 16627 | D:13     | Received a gift from Okawaru
 17605 | D:13     | Reached skill level 5 in Shields
 17617 | D:13     | Found a gate to the Vaults.
 17692 | D:13     | Reached skill level 11 in Fighting
 18167 | D:13     | Noticed Snorg
 18182 | D:13     | Killed Snorg
 19172 | D:11     | Found a staircase to the Lair.
 19350 | D:11     | Learned a level 1 spell: Confusing Touch
 19354 | D:11     | Learned a level 3 spell: Confuse
 19355 | Lair:1   | Entered Level 1 of the Lair of Beasts
 19528 | Lair:1   | Reached skill level 1 in Hexes
 19558 | Lair:1   | Reached skill level 1 in Spellcasting
 19673 | Lair:1   | Found a frozen archway.
 19692 | IceCv    | Entered an ice cave
 20620 | IceCv    | Reached XP level 14. HP: 102/102 MP: 16/19
 20623 | IceCv    | Got a pitted falchion
 20672 | IceCv    | Identified the +3 falchion of Zibaoz {speed, rPois Dex-5
                  | SInv} (You found it in an ice cave)
 21537 | Lair:2   | Found a staircase to the Shoals.
 21593 | Lair:2   | Reached skill level 12 in Fighting
 21594 | Lair:2   | Received a gift from Okawaru
 22356 | Lair:3   | Found a hole to the Spider Nest.
 23074 | Lair:3   | Got a fine short sword
 24157 | Lair:4   | Identified the amulet "Vuesasou" {Regen+ Str-3 Int+3} (You
                  | found it on level 4 of the Lair of Beasts)
 24163 | Lair:4   | Identified the +9 short sword "Jel Nyli" {drain, rElec
                  | rPois rF- Stlth+} (You found it on level 3 of the Lair of
                  | Beasts)
 25036 | Lair:5   | Noticed Urug
 25046 | Lair:5   | Killed Urug
 25046 | Lair:5   | Reached skill level 13 in Fighting
 25472 | Lair:5   | Noticed Rupert
 25819 | Lair:6   | Entered Level 6 of the Lair of Beasts
 25939 | Lair:6   | Received a gift from Okawaru
 26107 | Lair:6   | Reached ****** piety under Okawaru
 26159 | Lair:6   | Reached XP level 15. HP: 99/111 MP: 19/21
 27154 | Lair:6   | Found a viscous altar of Jiyva.
 27154 | Lair:6   | Found a staircase to the Slime Pits.
 27407 | Lair:6   | Learned a level 1 spell: Animate Skeleton
 27411 | Lair:6   | Learned a level 3 spell: Regeneration
 27416 | Lair:6   | Learned a level 4 spell: Animate Dead
 27941 | D:14     | Reached skill level 14 in Fighting
 28105 | D:14     | Reached skill level 1 in Charms
 28105 | D:14     | Reached skill level 1 in Necromancy
 28198 | D:14     | Noticed Jorgrun
 28211 | D:14     | Killed Jorgrun
 28553 | D:14     | Received a gift from Okawaru
 29167 | D:15     | Entered Level 15 of the Dungeon
 29341 | D:15     | Identified the Volume of Bewitchment
 29370 | D:15     | Found Jeucsemp's Food Shop.
 29943 | D:15     | Found a staircase to the Depths.
 30705 | Orc:1    | Entered Level 1 of the Orcish Mines
 30953 | Orc:2    | Entered Level 2 of the Orcish Mines
 30962 | Orc:2    | Found a staircase to the Elven Halls.
 31184 | Orc:2    | Noticed Saint Roka
 31372 | Orc:2    | Killed Saint Roka
 31779 | Orc:2    | Reached XP level 16. HP: 89/120 MP: 16/22
 32010 | Orc:2    | Found a roughly hewn altar of Beogh.
 32070 | Orc:2    | Noticed Nessos
 32071 | Orc:2    | Noticed Nessos
 32071 | Orc:2    | Nessos changed into Nessos the moth of wrath
 32078 | Orc:2    | Killed Nessos the moth of wrath
 32292 | Orc:2    | Found Okill's Gadget Emporium.
 32298 | Orc:2    | Received a gift from Okawaru
 32422 | Orc:2    | Found an ancient bone altar of Kikubaaqudgha.
 32423 | Orc:2    | Noticed Nergalle
 32467 | Orc:2    | Killed Nergalle
 32536 | Orc:2    | Bought a wand of digging (7) for 374 gold pieces
 32536 | Orc:2    | Bought a wand of enslavement (13) for 255 gold pieces
 32536 | Orc:2    | Bought a wand of paralysis (4) for 102 gold pieces
 32536 | Orc:2    | Bought a wand of iceblast (9) for 221 gold pieces
 32619 | Orc:2    | Reached skill level 15 in Fighting
 32716 | Orc:2    | Found a radiant altar of Vehumet.
 32782 | Orc:2    | Found a roughly hewn altar of Beogh.
 32782 | Orc:2    | Found Oddiv's Gadget Emporium.
 32790 | Orc:2    | Found Hesexut's Antique Armour Emporium.
 32793 | Orc:2    | Bought a wand of iceblast (9) for 182 gold pieces
 32793 | Orc:2    | Bought a wand of acid (8) for 336 gold pieces
 32793 | Orc:2    | Bought a wand of digging (6) for 280 gold pieces
 32799 | Orc:2    | Found Idghirph's Distillery.
 32811 | Orc:2    | Bought a potion of lignification for 36 gold pieces
 32811 | Orc:2    | Bought a potion of might for 48 gold pieces
 32811 | Orc:2    | Bought a potion of heal wounds for 60 gold pieces
 32811 | Orc:2    | Bought a potion of heal wounds for 60 gold pieces
 32811 | Orc:2    | Bought a potion of heal wounds for 60 gold pieces
 32811 | Orc:2    | Bought 2 potions of degeneration for 24 gold pieces
 32811 | Orc:2    | Bought a potion of resistance for 120 gold pieces
 32811 | Orc:2    | Bought a potion of curing for 36 gold pieces
 32916 | Orc:1    | Found a roughly hewn altar of Beogh.
 33140 | Orc:1    | Found a roughly hewn altar of Beogh.
 33309 | Elf:1    | Entered Level 1 of the Elven Halls
 33488 | Elf:1    | Reached skill level 5 in Necromancy
 33993 | Elf:1    | HP: 1/122 [deep elf mage/bolt of lightning (24)]
 34296 | Elf:1    | Reached skill level 10 in Shields
 34643 | Elf:1    | Noticed a Hell Sentinel
 34724 | Elf:1    | Found a runed translucent door.
 34757 | Elf:1    | Noticed CymothoaExigua's ghost (adept OpEE)
 34985 | Elf:1    | Found a shimmering altar of Xom.
 34994 | Elf:1    | Received a gift from Okawaru
 34994 | Elf:1    | Reached skill level 16 in Fighting
 35103 | Elf:1    | Learned a level 5 spell: Dispel Undead
 35742 | Elf:2    | Reached XP level 17. HP: 130/130 MP: 23/23
 36316 | Elf:2    | Found Werixtuo's Weapon Shoppe.
 36372 | Elf:2    | Received a gift from Okawaru
 36393 | Elf:2    | Identified the +1 short sword "Ucoj" {pierce, +Blink Int+8
                  | Dex-3} (Okawaru gifted it to you on level 2 of the Elven
                  | Halls)
 36411 | Elf:2    | Found a huge runed translucent gate.
 36411 | Elf:2    | Found a huge runed translucent gate.
 36411 | Elf:2    | Found a huge runed translucent gate.
 36411 | Elf:2    | Found a huge runed translucent gate.
 36418 | Elf:2    | Found a huge runed translucent gate.
 36737 | Elf:2    | Reached skill level 17 in Fighting
 37093 | Elf:2    | Noticed a deep elf blademaster
 38167 | Elf:3    | Entered Level 3 of the Elven Halls
 38220 | Elf:3    | Found a flickering gateway to a bazaar.
 38271 | Bazaar   | Entered a bazaar
 38271 | Bazaar   | Found Deatukyith's Book Shoppe.
 38318 | Bazaar   | Found Jeguafau's Jewellery Shop.
 38322 | Bazaar   | Found Yteuts's Assorted Antiques.
 38332 | Bazaar   | Bought a potion of might for 56 gold pieces
 38332 | Bazaar   | Found Ytap Golu's Magic Scroll Emporium.
 38354 | Bazaar   | Bought a scroll of teleportation for 27 gold pieces
 38354 | Bazaar   | Bought a scroll of teleportation for 27 gold pieces
 38354 | Bazaar   | Bought a scroll of enchant weapon for 67 gold pieces
 38354 | Bazaar   | Bought a scroll of identify for 18 gold pieces
 38354 | Bazaar   | Bought a scroll of magic mapping for 31 gold pieces
 38363 | Bazaar   | Bought a ruby potion for 12 gold pieces
 38369 | Bazaar   | Bought the ring "Hudid" {MR- Dex+3 Slay+5 Stlth+} for 507
                  | gold pieces
 38427 | Bazaar   | Bought a runed large shield for 105 gold pieces
 38433 | Bazaar   | Got a fine sapphire amulet
 38434 | Bazaar   | Identified the amulet "Dipte" {RegenMP rF+++ Str+4 Stlth+}
                  | (You acquired it in a bazaar)
 38455 | Bazaar   | Bought a book of the Earth for 1040 gold pieces
 38462 | Bazaar   | Learned a level 6 spell: Statue Form
 38764 | Elf:3    | Reached skill level 1 in Transmutations
 38764 | Elf:3    | Reached skill level 1 in Earth Magic
 38990 | Elf:3    | Noticed a deep elf blademaster
 38993 | Elf:3    | Noticed a deep elf master archer
 39783 | Elf:3    | Identified the +2 leather armour "Tamaammi" {Str+3}
 39890 | Elf:3    | Received a gift from Okawaru
 40174 | Elf:3    | Identified the +6 great mace "Popo" {freeze, MR++ Int+2
                  | Dex+4}
 40184 | Elf:3    | Identified the +1 leather armour "Hacs" {rC+}
 40273 | Elf:3    | Noticed a deep elf master archer
 40318 | Elf:3    | Noticed a deep elf blademaster
 40326 | Elf:3    | Killed a deep elf blademaster
 40326 | Elf:3    | Reached skill level 5 in Spellcasting
 40641 | Elf:3    | Killed a deep elf master archer
 40891 | Elf:3    | Noticed a Hell Sentinel
 40891 | Elf:3    | Killed a deep elf master archer
 40891 | Elf:3    | Reached skill level 5 in Transmutations
 40891 | Elf:3    | Reached skill level 5 in Earth Magic
 40892 | Elf:3    | Identified the +4 mace "Killer Bee's Bane" {crush, -Tele
                  | +Rage Str+2}
 40896 | Elf:3    | Received a gift from Okawaru
 40903 | Elf:3    | Reached XP level 18. HP: 103/139 MP: 14/25
 41213 | Elf:3    | Found the +3 giant club "Skullcrusher" {speed, Str+7}
 41224 | Elf:3    | Identified Sif Muna's Tome of Bewitchment and Snow
 41391 | Elf:3    | Killed a deep elf blademaster
 42902 | Elf:3    | Learned a level 1 spell: Apportation
 42904 | Elf:3    | Learned a level 1 spell: Summon Butterflies
 43063 | Orc:2    | Bought a runed shield for 210 gold pieces
 43206 | Elf:1    | Killed CymothoaExigua's ghost
 43253 | Elf:1    | Learned a level 2 spell: Swiftness
 43373 | Shoals:1 | Entered Level 1 of the Shoals
 43661 | Shoals:1 | Received a gift from Okawaru
 43662 | Shoals:1 | Identified the +2 hat "Fohoph" {+Inv rC+ Str+4 Stlth+}
                  | (Okawaru gifted it to you on level 1 of the Shoals)
 44287 | Shoals:2 | Found a flickering gateway to a bazaar.
 44300 | Bazaar   | Entered a bazaar
 44300 | Bazaar   | Found Kiockomia's Magic Scroll Boutique.
 44300 | Bazaar   | Found Esainupp's Distillery.
 44300 | Bazaar   | Found Apyfeu's Food Shop.
 44501 | Bazaar   | Bought 2 potions of mutation for 208 gold pieces
 44501 | Bazaar   | Bought a potion of curing for 39 gold pieces
 44501 | Bazaar   | Bought a potion of heal wounds for 65 gold pieces
 44501 | Bazaar   | Bought a potion of agility for 52 gold pieces
 44501 | Bazaar   | Bought a potion of mutation for 104 gold pieces
 44501 | Bazaar   | Bought a potion of invisibility for 104 gold pieces
 44504 | Bazaar   | Bought 3 scrolls of identify for 72 gold pieces
 44504 | Bazaar   | Bought a scroll of enchant weapon for 90 gold pieces
 44504 | Bazaar   | Bought 3 scrolls of enchant weapon for 270 gold pieces
 44504 | Bazaar   | Bought a scroll of identify for 24 gold pieces
 45171 | Shoals:2 | Noticed Ilsuiw
 45498 | Shoals:2 | Killed Ilsuiw
 46066 | Shoals:3 | Identified the cursed +0 leather armour of Tynyfesk {rElec
                  | Stlth+}
 46089 | Shoals:3 | Received a gift from Okawaru
 46870 | Shoals:3 | Received a gift from Okawaru
 46895 | Shoals:3 | Got a brightly glowing hat {god gift}
 46932 | Shoals:3 | Found Seubub's General Store.
 46978 | Shoals:3 | Reached XP level 19. HP: 96/144 MP: 27/29
 47122 | Shoals:3 | Bought a potion of heal wounds for 105 gold pieces
 47122 | Shoals:3 | Bought a scroll of fear for 73 gold pieces
 47122 | Shoals:3 | Bought a wand of clouds (5) for 567 gold pieces
 47122 | Shoals:3 | Identified the +0 hat of Cazxon {+Inv rF+ Str+6} (Okawaru
                  | gifted it to you on level 3 of the Shoals)
 47548 | Shoals:4 | Entered Level 4 of the Shoals
 47619 | Shoals:4 | Identified Witchcraft, Part One
 47895 | Shoals:4 | Reached skill level 10 in Earth Magic
 47932 | Shoals:4 | Reached skill level 10 in Transmutations
 48604 | Shoals:4 | Got a barnacled rune of Zot
 49770 | Spider:1 | Entered Level 1 of the Spider Nest
 49899 | Spider:1 | Received a gift from Okawaru
 49910 | Spider:1 | Identified the +1 shield "Potop" {rC++} (Okawaru gifted it
                  | to you on level 1 of the Spider Nest)
 49978 | Spider:1 | Identified the cursed +1 hand crossbow "Muxzuj" {elec,
                  | *Corrode Dex+6} (You found it on level 1 of the Spider
                  | Nest)
 50273 | Spider:1 | Found a runed translucent door.
 50273 | Spider:1 | Found a shimmering altar of Xom.
 50273 | Spider:1 | Noticed Venir's ghost (journeyman MiBe)
 50952 | Spider:2 | Noticed Aizul
 50969 | Spider:2 | Killed Aizul
 50976 | Spider:2 | Reached skill level 10 in Spellcasting
 51565 | Spider:2 | Learned a level 2 spell: Sticks to Snakes
 51568 | Spider:2 | Learned a level 2 spell: Sublimation of Blood
 51648 | Spider:3 | Got a fine spear
 51731 | Spider:3 | Identified the cursed +1 spear "Fymaij" {pierce, *Noise
                  | MR++ Int+5} (You found it on level 3 of the Spider Nest)
 51908 | Spider:3 | Reached XP level 20. HP: 139/151 MP: 0/34
 52702 | Spider:4 | Entered Level 4 of the Spider Nest
 52734 | Spider:4 | Noticed Nikola
 52740 | Spider:4 | Killed Nikola
 53096 | Spider:4 | Noticed Arachne
 53111 | Spider:4 | Killed Arachne
 53175 | Spider:4 | Reached skill level 10 in Evocations
 53224 | Spider:4 | Received a gift from Okawaru
 53229 | Spider:4 | Identified the -1 buckler "Seull" {rF+ Str+7 Int-4 Stlth+}
                  | (Okawaru gifted it to you on level 4 of the Spider Nest)
 53462 | Spider:4 | Got a gossamer rune of Zot
 54519 | Orc:2    | Bought a potion of mutation for 96 gold pieces
 54519 | Orc:2    | Bought a potion of mutation for 96 gold pieces
 54519 | Orc:2    | Bought a potion of mutation for 96 gold pieces
 54660 | Vaults:1 | Entered Level 1 of the Vaults
 55085 | Vaults:1 | Reached skill level 18 in Fighting
 55103 | Vaults:1 | Received a gift from Okawaru
 55289 | Vaults:1 | Found a runed translucent gate.
 55289 | Vaults:1 | Found a runed translucent gate.
 55291 | Vaults:1 | Found a runed translucent gate.
 55293 | Vaults:1 | Noticed Ynisk's ghost (adept HaHu)
 55295 | Vaults:1 | Found an iron altar of Okawaru.
 55476 | Vaults:1 | Reached skill level 10 in Invocations
 55756 | Vaults:1 | Reached XP level 21. HP: 134/159 MP: 35/35
 56304 | Vaults:1 | Noticed Donald
 56318 | Vaults:1 | Killed Donald
 56368 | Vaults:1 | Reached skill level 15 in Dodging
 56504 | Vaults:1 | Received a gift from Okawaru
 56888 | Vaults:1 | Identified the cursed +0 great sword of Honour {vamp, rElec
                  | Str+3 Dex+6}
 57148 | Vaults:1 | Identified the ring "Heplaog" {rPois Int+3} (You acquired
                  | it on level 1 of the Vaults)
 57502 | Vaults:2 | Reached skill level 19 in Fighting
 57551 | Vaults:2 | Received a gift from Okawaru
 57882 | Vaults:2 | Reached XP level 22. HP: 169/169 MP: 37/37
 58656 | Vaults:2 | Found a staircase to the Crypt.
 58656 | Vaults:2 | Found a basalt altar of Yredelemnul.
 58657 | Vaults:2 | Found an ancient bone altar of Kikubaaqudgha.
 58996 | Vaults:2 | Found Ludoh's Gadget Shop.
 59187 | Vaults:2 | Reached skill level 20 in Fighting
 59459 | Vaults:3 | Received a gift from Okawaru
 59928 | Vaults:3 | Found Roif's Book Shop.
 60033 | Vaults:3 | Found Ilaevu's Antique Armour Emporium.
 60053 | Vaults:3 | Found Juiss's Jewellery Shop.
 60072 | Vaults:3 | Bought an uncursed ring of protection from magic for 400
                  | gold pieces
 60605 | Vaults:3 | Found Joaxao's General Store.
 60611 | Vaults:3 | Bought a scroll of brand weapon for 260 gold pieces
 60634 | Vaults:3 | Found Famamiro's Armour Emporium.
 61572 | Vaults:4 | Reached skill level 21 in Fighting
 61885 | Vaults:4 | Found Ruycugih's Food Shop.
 61892 | Vaults:4 | Reached XP level 23. HP: 172/180 MP: 39/39
 63252 | Vaults:2 | Received a gift from Okawaru
 63255 | Vaults:2 | Got a bloodstained war axe {god gift}
 63256 | Vaults:2 | Identified the +1 war axe of Anarchy {elec, -Tele Dex+5}
                  | (Okawaru gifted it to you on level 2 of the Vaults)
 63475 | Vaults:5 | Entered Level 5 of the Vaults
 63487 | Vaults:5 | Reached skill level 22 in Fighting
 63504 | Vaults:5 | Received a gift from Okawaru
 64322 | Vaults:5 | Received a gift from Okawaru
 64770 | Vaults:5 | Reached XP level 24. HP: 189/189 MP: 32/39
 64910 | Vaults:5 | Found the +18 shield of the Gong {rElec rN+ MR+ EV-5}
 65006 | Vaults:5 | Got an ichor-stained scimitar
 65113 | Vaults:5 | Identified the +7 battleaxe "Norror" {holy, Stlth+}
 65120 | Vaults:5 | Received a gift from Okawaru
 65676 | Vaults:5 | Found Zuxku's Antique Weapon Shoppe.
 65737 | Vaults:5 | Got a silver rune of Zot
 66019 | Vaults:3 | Learned a level 4 spell: Summon Lightning Spire
 66025 | Vaults:3 | Learned a level 5 spell: Silence
 66336 | Depths:1 | Entered Level 1 of the Depths
 66417 | Depths:1 | Reached skill level 15 in Axes
 66417 | Depths:1 | Reached skill level 1 in Air Magic
 66601 | Depths:1 | Noticed Louise
 66609 | Depths:1 | Killed Louise
 66613 | Depths:1 | Found a one-way gate to the infinite horrors of the Abyss.
 66689 | Depths:1 | Found a gateway to Hell.
 66828 | Depths:1 | Found the +8 Wrath of Trog {antimagic, *Rage}
 67122 | Depths:1 | Found Areimefi's Jewellery Boutique.
 67533 | Depths:2 | Found a gateway to a ziggurat.
 67555 | Depths:2 | Reached skill level 15 in Evocations
 67676 | Zig:1    | Entered Level 1 of a ziggurat
 67694 | Zig:2    | Entered Level 2 of a ziggurat
 67743 | Zig:3    | Entered Level 3 of a ziggurat
 67767 | Zig:3    | Identified the Tome of Conjuration
 67771 | Zig:4    | Entered Level 4 of a ziggurat
 67786 | Zig:4    | Reached skill level 5 in Air Magic
 67865 | Zig:5    | Entered Level 5 of a ziggurat
 67886 | Zig:5    | Reached XP level 25. HP: 195/195 MP: 21/39
 67985 | Zig:6    | Entered Level 6 of a ziggurat
 67992 | Zig:6    | Found the +9 heavy crossbow "Sniper" {velocity, Acc+∞ SInv}
 68000 | Zig:6    | Received a gift from Okawaru
 68011 | Zig:6    | Identified the +10 trident "Ekoot" {freeze, rPois rF+ rC+
                  | Str-5} (Okawaru gifted it to you on level 6 of a ziggurat)
 68020 | Zig:6    | Identified the ring "Cyekkiun" {Wiz -Tele Dex+5 Stlth+}
                  | (You found it on level 6 of a ziggurat)
 68022 | Zig:6    | Identified the Guide on Dusty Darkness
 68771 | Depths:2 | Found a one-way gate leading to the halls of Pandemonium.
 69149 | Depths:2 | Found a runed translucent door.
 69387 | Depths:2 | Received a gift from Okawaru
 69400 | Depths:2 | Noticed a juggernaut
 69406 | Depths:2 | Killed a juggernaut
 69417 | Depths:2 | Reached skill level 5 in Charms
 69885 | Depths:3 | Received a gift from Okawaru
 70330 | Depths:3 | Noticed Xtahua
 70340 | Depths:3 | Killed Xtahua
 71186 | Depths:3 | Received a gift from Okawaru
 71648 | Depths:4 | Reached skill level 15 in Shields
 71648 | Depths:4 | Reached XP level 26. HP: 201/201 MP: 38/39
 71745 | Depths:4 | Found Qeufab's Magic Scroll Emporium.
 72577 | Depths:4 | Identified the ring of Cata Upp {rCorr Str+7 Int-2 Dex+4}
 72904 | Depths:3 | Received a gift from Okawaru
 72984 | Depths:3 | Identified the ring of Mietoa {rC+ Stlth-} (You found it on
                  | level 3 of the Depths)
 73117 | Depths:4 | Learned a level 5 spell: Borgnjor's Vile Clutch
 73120 | Depths:4 | Learned a level 2 spell: Blink
 73121 | Depths:5 | Entered Level 5 of the Depths
 73128 | Depths:5 | Reached skill level 1 in Translocations
 73566 | Depths:5 | Found a gate to the Realm of Zot.
 73707 | Depths:5 | Received a gift from Okawaru
 74120 | Depths:5 | Reached skill level 10 in Necromancy
 74368 | Depths:4 | Bought a scroll of blinking for 157 gold pieces
 74368 | Depths:4 | Bought a scroll of acquirement for 1092 gold pieces
 74369 | Depths:4 | Identified the amulet "Fucuimnu" {Acrobat +Fly Dex+6} (You
                  | acquired it on level 4 of the Depths)
 74822 | Orc:2    | Bought a box of beasts for 280 gold pieces
 74822 | Orc:2    | Bought a sack of spiders for 280 gold pieces
 75179 | Depths:4 | Learned a level 6 spell: Deflect Missiles
 75233 | Zot:1    | Entered Level 1 of the Realm of Zot
 75242 | Zot:1    | Reached skill level 5 in Translocations
 75504 | Depths:5 | Reached XP level 27. HP: 207/207 MP: 0/39
 76056 | Zot:2    | Received a gift from Okawaru
 76686 | Zot:5    | Entered Level 5 of the Realm of Zot
 77925 | Zot:5    | Noticed an orb of fire
 77937 | Zot:5    | Killed an orb of fire
 77937 | Zot:5    | Received a gift from Okawaru
 77937 | Zot:5    | Noticed an orb of fire
 77943 | Zot:5    | Killed an orb of fire
 77944 | Zot:5    | Noticed an orb of fire
 77952 | Zot:5    | Killed an orb of fire
 77960 | Zot:5    | Identified the +0 buckler of Inaction {+Inv rElec rF-
                  | Dex+6} (Okawaru gifted it to you on level 5 of the Realm of
                  | Zot)
 78199 | Zot:5    | Noticed an ancient lich
 78216 | Zot:5    | Killed an ancient lich
 78232 | Zot:5    | Noticed an orb of fire
 78233 | Zot:5    | Gained mutation: You occasionally shout uncontrollably at
                  | your foes. [an orb of fire]
 78234 | Zot:5    | Gained mutation: You tend to lose your temper in combat.
                  | [an orb of fire]
 78239 | Zot:5    | Killed an orb of fire
 78239 | Zot:5    | Noticed an orb of fire
 78240 | Zot:5    | Gained mutation: You are partially covered in molten
                  | scales. (AC +2) [an orb of fire]
 78247 | Zot:5    | Killed an orb of fire
 78252 | Zot:5    | Noticed an ancient lich
 78257 | Zot:5    | Killed an ancient lich
 78257 | Zot:5    | Received a gift from Okawaru
 78262 | Zot:5    | Noticed an ancient lich
 78266 | Zot:5    | Killed an ancient lich
 78275 | Zot:5    | Noticed an orb of fire
 78283 | Zot:5    | Killed an orb of fire
 78284 | Zot:5    | Noticed an ancient lich
 78290 | Zot:5    | Killed an ancient lich
 78293 | Zot:5    | Reached skill level 15 in Earth Magic
 78380 | Zot:5    | Lost mutation: You tend to lose your temper in combat.
                  | [potion of mutation]
 78380 | Zot:5    | Lost mutation: You are partially covered in molten scales.
                  | (AC +2) [potion of mutation]
 78380 | Zot:5    | Gained mutation: You are weak. (Str -2) [potion of
                  | mutation]
 78380 | Zot:5    | Gained mutation: You possess an exceptional clarity of
                  | mind. [potion of mutation]
 79239 | Zot:5    | Got the Orb of Zot
 79377 | Zot:2    | Received a gift from Okawaru
 79378 | Zot:2    | Found the +2 shield of Resistance {rF+ rC+ MR+}
 79412 | Zot:2    | Noticed Arrunwac the pandemonium lord
 79520 | Depths:3 | Noticed Lythrigg the pandemonium lord
 79526 | Depths:3 | Killed Lythrigg the pandemonium lord
 79612 | Depths:1 | Noticed Voinor the pandemonium lord
 79841 | D:7      | Noticed Tihant the pandemonium lord
 79852 | D:7      | Killed Tihant the pandemonium lord
 80055 | D:$      | Escaped with the Orb!

Levels and vault maps discovered:
D:1:      lightli_arrival_maybe_door_vault, layout_basic, minmay_misc_feat_five,
          grunt_decor_fettered, serial_bayou_ford_a, minmay_misc_feat_encased,
          kennysheep_decorative_pillar
D:2:      layout_basic, grunt_gozag_statues
D:3:      layout_rooms, okawaru_trees_1, overflow_temple_1_default,
          elyvilon_altar_1, lightli_sewer_entry_pipes, first_ration,
          minmay_misc_feat_ornament, minmay_ogre_servants
D:4:      minmay_polygon_palace, layout_basic, lemuel_round_altar,
          uniq_crazy_yiuf_cottage
D:5:      minmay_skewed_foursquare, layout_layer_cave,
          minmay_temple_entry_statues_pillars, hangedman_abyss_or_decor_slice
D:6:      layout_basic, basic_altar
D:7:      layout_loops_corners, kennysheep_flooded_box
D:8:      gammafunk_wand_slinger, layout_rooms, enter_bailey_6, the_bakery,
          uniq_joseph, uniq_maurice
D:9:      layout_basic, nicolae_overflow_crystal_walls, basic_altar,
          uniq_gastronok, uniq_erica
D:10:     layout_basic, kennysheep_generic_room_15
D:11:     layout_roguey, dpeg_oklobed_lair,
          kennysheep_orc_monster_closet_entryway
D:12:     layout_basic, st_stairs_12
D:13:     layout_stronghold, erik_vaults_1, minmay_shattered_shrine,
          uniq_azrael, uniq_snorg
D:14:     layout_long_grid, serial_bayou_pond_e, minmay_checkerbox, uniq_jorgrun
D:15:     grunt_enter_depths_snipers, layout_basic, minmay_misc_feat_cross,
          serial_shops, shop
Lair:1:   layout_misc_corridors, serial_rivers, chequers_serial_rivers_marsh,
          chequers_serial_rivers_large_a, chequers_serial_rivers_room_a,
          chequers_serial_rivers_small_3, portal_ice_cave_entry_ice_beasts,
          infiniplex_staircase_pool, lemuel_fruit_tree
Lair:2:   beast_lair_carwin_large_2, layout_hall_layers,
          minmay_shoals_entry_centaurs, minmay_another_anthill,
          grunt_megastairs_3, minmay_lair_oklob_chamber
Lair:3:   layout_cave_shapes, spider_nest_entry_web_field
Lair:4:   layout_regular_city, minmay_holes, minmay_lair_oklob_items
Lair:5:   layout_regular_city, grunt_megastairs_4, uniq_urug, uniq_rupert
Lair:6:   due_jungle_book, layout_concentric_octagons,
          dpeg_slime_entry_enclosed_altar, grunt_forest_small_clearings
Shoals:1: layout_shoals
Shoals:2: layout_shoals, serial_shops, bzr_entry_lakeside, uniq_ilsuiw
Shoals:3: layout_shoals, serial_shops, shop
Shoals:4: shoals_end_simple, layout_shoals, shoals_ilsuiw_ice
Spider:1: layout_spider_delve, ebering_ghost_xom
Spider:2: layout_spider_delve, uniq_aizul
Spider:3: layout_spider_delve, nicolae_spider_circle_web,
          nicolae_spider_webbed_stairs
Spider:4: spider_rune_water, uniq_nikola, uniq_arachne
Orc:1:    layout_caves, serial_shops, basic_altar, mines2_david
Orc:2:    kennysheep_orc_mage_school, layout_caves, bh_open_orc_temple,
          uniq_nessos, uniq_saint_roka
Elf:1:    due_chaos_kobolds, layout_rooms, ebering_ghost_reflecting_pool,
          minivault_28
Elf:2:    layout_loops_cross, serial_shops, nicolae_shop_trees,
          small_chamber_with_monster, serial_sigils_hangedman_clutch
Elf:3:    grunt_elf_hall_branching, layout_geoelf_octagon, serial_shops,
          bzr_entry_water
Vaults:1: gammafunk_vaults_ghost_fury_of_okawaru, st_greater_box_2, v_misc_27,
          vaults_room_semicircle, vaults_room_grunt_arrival_checkpoint,
          v_misc_30, vaults_standard_mumra_x, ontoclasm_vaults_gateway,
          vaults_room_corners, vaults_room_pools, hangedman_vaults_hat,
          hangedman_vaults_stretched_pinwheel, vaults_room_stairs_pillars,
          grunt_vaults_hallway_short, layout_vaults_maze_bifur, uniq_donald
Vaults:2: v_misc_11, dpeg_vaults_pockets_of_resistance, v_rooms_2, v_misc_19,
          vaults_mumra_hex, nicolae_vaults_little_ls, ontoclasm_vaults_spin,
          minmay_crypt_entry_necro_gods, nicolae_vaults_little_squares_2,
          nicolae_vaults_three_branches, nicolae_vaults_gold_heap,
          vaults_room_semicircle, layout_vaults_chaotic_city, serial_shops, shop
Vaults:3: hangedman_vaults_maws, hangedman_vaults_stretched_pinwheel,
          vaults_dpeg_doors, v_misc_24, vaults_dpeg_cross, v_alt_pattern_5,
          v_misc_30, vaults_room_hangedman_quadrants,
          vaults_standard_mumra_enter_the_diamond, v_misc_11, v_misc_25,
          nicolae_vaults_little_squares_4, vaults_dpeg_diagonal,
          nicolae_vaults_diagonal_hallway_6, hangedman_vaults_restitches,
          layout_vaults_ring, serial_shops, shop, shop_coins, shop, shop, shop
Vaults:4: nicolae_vaults_network_periphery, vaults_room_stairs_pillars,
          nicolae_vaults_puzzle_piece, v_misc_13, nicolae_vaults_alarming,
          vaults_room_grid, grunt_vaults_focal, hangedman_vaults_cutoff,
          vaults_room_fours, nicolae_vaults_shelves_hall, v_pattern_1,
          vaults_room_pool, layout_vaults_omnicross, serial_shops, shop
Vaults:5
Depths:1: layout_cave_pools, nicolae_abyss_entry_one_way_or_another,
          nicolae_twisting_strands, serial_shops, shop, hell_entry,
          hangedman_decor_clover_reticule, minmay_guarded_unrand_wrath_of_trog
Depths:2: minmay_the_grid_triangle_9x9_recursive_3
          [minmay_the_grid_triangle_9x9_zippers_horizontal,
          minmay_the_grid_triangle_9x9_intruding_spiral,
          minmay_the_grid_triangle_9x9_checkered,
          minmay_the_grid_triangle_9x9_prize_schism,
          minmay_the_grid_triangle_9x9_dagger,
          minmay_the_grid_triangle_9x9_limited_checkers,
          minmay_the_grid_triangle_9x9_minimal,
          minmay_the_grid_triangle_9x9_subtriangle,
          minmay_the_grid_triangle_9x9_negative_grid], layout_gridlike,
          enter_ziggurat_f, dk_noncrumbling_4, pan_entry, pf_coc_iceberg,
          minmay_misc_feat_more_columns, minmay_statues_item
Depths:3: cheibrodos_quadrivalence, layout_basic, grunt_pan_entry_sceptre,
          grunt_hell_entry_dis_mu, minmay_misc_feat_columns, uniq_xtahua
Depths:4: lemuel_castle_with_subvaults [lemuel_castle_interior_carwin_2],
          layout_gridville, serial_shops, shop, hell_entry,
          minmay_misc_feat_chi, abyss_entry, minmay_crystal_room,
          grunt_tough_drop, infiniplex_staircase_zigzag_5
Depths:5: grunt_zot_entry_alcove, layout_basic, corexii_leaking_fountain,
          hell_entry
Zot:1:    layout_misc_corridors
Zot:2:    regret_index_qazlal_generations, layout_misc_corridors
Zot:3:    layout_misc_corridors
Zot:4:    layout_misc_corridors
Zot:5:    layout_gridlike

Skill      XL: |  1  2  3  4  5  6  7  8  9 10 11 12 13 14 15 16 17 18 19 20 21 22 23 24 25 26 27 |
---------------+----------------------------------------------------------------------------------+-----
Fighting       | 4 5 6 7 8 9 10 11 13 14 16 17 18 19 21 22 | 22.0
Dodging        | 4 5 6 8 11 13 14 16 17 18 | 18.0
Invocations    | 1 2 4 5 7 10 11 12 13 | 13.0
Axes           | 3 6 9 10 11 12 13 14 15 16 18 | 18.0
Evocations     | 2 4 6 8 9 10 12 13 15 16 17 21 | 21.3
Shields        | 1 4 6 7 9 10 11 13 15 16 | 16.3
Hexes          | 2 3 |  3.0
Spellcasting   | 2 4 5 7 10 11 12 | 12.0
Charms         | 3 4 6 7 |  7.0
Necromancy     | 3 5 6 8 10 12 | 12.0
Transmutations | 5 9 10 | 10.0
Earth Magic    | 5 9 11 12 16 | 16.5
Air Magic      | 5 6 |  6.0
Translocations | 5 |  5.0
Short Blades   | |  3.0
Stealth        | |  2.6

Action                   |  1- 3 |  4- 6 |  7- 9 | 10-12 | 13-15 | 16-18 | 19-21 | 22-24 | 25-27 || total
-------------------------+-------+-------+-------+-------+-------+-------+-------+-------+-------++-------
Melee: Short sword       |    62 |    34 |       |       |       |       |       |       |       ||    96
       Constrict         |    19 |    35 |    62 |    69 |   133 |   198 |   195 |   134 |   124 ||   969
       Tentacles         |    13 |    16 |    46 |   108 |   291 |   222 |   288 |   256 |   406 ||  1646
       Whip              |       |   101 |    94 |       |       |       |       |       |       ||   195
       Punch             |       |       |     5 |     8 |    22 |    27 |    24 |    21 |    30 ||   137
       Trident           |       |       |   183 |     1 |    10 |       |       |       |       ||   194
       Broad axe         |       |       |       |   459 |  1089 |   885 |   936 |   884 |  1129 ||  5382
       Scimitar          |       |       |       |       |     5 |       |       |       |       ||     5
Throw: Dart              |       |       |       |     3 |       |       |       |       |       ||     3
 Cast: Animate Skeleton  |       |       |       |       |     6 |     3 |       |       |       ||     9
       Animate Dead      |       |       |       |       |     1 |     2 |    12 |     9 |     5 ||    29
       Regeneration      |       |       |       |       |       |     3 |    10 |     3 |     6 ||    22
       Statue Form       |       |       |       |       |       |     3 |    45 |    38 |    53 ||   139
       Deflect Missiles  |       |       |       |       |       |       |       |       |     3 ||     3
Invok: Heroism           |       |     3 |    15 |    23 |    55 |    63 |    31 |    26 |    34 ||   250
       Finesse           |       |       |       |       |       |     2 |     2 |     1 |     2 ||     7
Evoke: Wand              |       |       |     3 |     7 |    50 |     9 |     1 |     1 |     7 ||    78
  Use: Potion            |     1 |     2 |     1 |     1 |     1 |     3 |     5 |       |     6 ||    20
       Scroll            |       |     5 |    11 |     4 |    21 |    19 |    14 |    13 |    13 ||   100
 Stab: Sleeping          |     9 |     6 |    27 |    21 |    30 |     8 |    17 |    16 |    15 ||   149
       Distracted        |       |     1 |     1 |     2 |     4 |     6 |     8 |    10 |     6 ||    38
       Paralysed         |       |       |    13 |     2 |       |     1 |       |       |       ||    16
       Invisible         |       |       |       |     5 |       |       |       |       |     5 ||    10
  Eat: Chunk             |     1 |     7 |    14 |    22 |    39 |    25 |    14 |    25 |    24 ||   171
       Ration            |       |       |     2 |       |     3 |     8 |    14 |     7 |    11 ||    45
Armor: Skin              |     3 |     5 |     8 |    23 |    56 |    47 |   198 |   174 |   257 ||   771
Dodge: Dodged            |    34 |    94 |   195 |   278 |   494 |   503 |   954 |   964 |  1155 ||  4671
       Deflected         |       |       |       |       |       |       |       |       |     5 ||     5
Block: Buckler           |       |       |       |    29 |       |       |       |       |       ||    29
       Shield            |       |       |       |   138 |   708 |   651 |  1048 |   971 |  1226 ||  4742

Table legend:
 A = Non-vault XP
 B = Vault XP
 C = Vault XP percentage of total XP
 D = Non-vault monster count
 E = Vault monster count
 F = Vault count percentage of total count
                 A         B        C        D         E       F
            +---------+---------+-------+---------+---------+-------
      Total |  835526 |  738712 |  46.9 |    1619 |     855 |  34.6
            +---------+---------+-------+---------+---------+-------
        D:1 |      46 |       0 |   0.0 |      23 |       0 |   0.0
        D:2 |     131 |       0 |   0.0 |      14 |       0 |   0.0
        D:3 |     176 |     192 |  52.2 |      41 |      15 |  26.8
        D:4 |     141 |     300 |  68.0 |       9 |      11 |  55.0
        D:5 |     228 |     116 |  33.7 |       9 |       4 |  30.8
        D:6 |     949 |       0 |   0.0 |      17 |       0 |   0.0
        D:7 |    1370 |       0 |   0.0 |      25 |       0 |   0.0
        D:8 |     690 |    2018 |  74.5 |      11 |      10 |  47.6
        D:9 |    2348 |    3131 |  57.1 |      56 |       2 |   3.4
       D:10 |    3038 |       0 |   0.0 |      21 |       0 |   0.0
       D:11 |    3865 |    2935 |  43.2 |      47 |      22 |  31.9
       D:12 |    5248 |     496 |   8.6 |      29 |       2 |   6.5
       D:13 |    7012 |    6177 |  46.8 |      31 |      15 |  32.6
       D:14 |    7590 |    4966 |  39.6 |      29 |       5 |  14.7
       D:15 |    6955 |    2323 |  25.0 |      19 |       3 |  13.6
     Lair:1 |    4450 |    1042 |  19.0 |      18 |       8 |  30.8
     Lair:2 |     805 |    7052 |  89.8 |       4 |      36 |  90.0
     Lair:3 |    3786 |       0 |   0.0 |      19 |       0 |   0.0
     Lair:4 |    5264 |     550 |   9.5 |      19 |       1 |   5.0
     Lair:5 |    5466 |     847 |  13.4 |      21 |       1 |   4.5
     Lair:6 |   14889 |    2762 |  15.6 |      48 |       5 |   9.4
   Shoals:1 |    9515 |       0 |   0.0 |      18 |       0 |   0.0
   Shoals:2 |   21894 |    3433 |  13.6 |      47 |       4 |   7.8
   Shoals:3 |   24621 |       0 |   0.0 |      46 |       0 |   0.0
   Shoals:4 |   18473 |   23935 |  56.4 |      39 |      39 |  50.0
   Spider:1 |   16623 |       0 |   0.0 |      46 |       0 |   0.0
   Spider:2 |   13766 |    1581 |  10.3 |      38 |       1 |   2.6
   Spider:3 |   11296 |       0 |   0.0 |      27 |       0 |   0.0
   Spider:4 |    7995 |   32469 |  80.2 |      22 |      40 |  64.5
      Orc:1 |    7215 |      18 |   0.2 |      45 |       6 |  11.8
      Orc:2 |    5766 |   14887 |  72.1 |      28 |      51 |  64.6
      Elf:1 |   18806 |    7703 |  29.1 |      28 |      21 |  42.9
      Elf:2 |   20351 |   15539 |  43.3 |      32 |      20 |  38.5
      Elf:3 |    6976 |   42534 |  85.9 |      11 |      28 |  71.8
   Vaults:1 |   43610 |   58169 |  57.2 |      71 |      77 |  52.0
   Vaults:2 |   38522 |   54363 |  58.5 |      77 |      64 |  45.4
   Vaults:3 |   23701 |   23178 |  49.4 |      31 |      32 |  50.8
   Vaults:4 |   31105 |   30773 |  49.7 |      44 |      40 |  47.6
   Vaults:5 |   33681 |  105721 |  75.8 |      65 |      83 |  56.1
   Depths:1 |   41981 |    3944 |   8.6 |      55 |       5 |   8.3
   Depths:2 |   45601 |   30384 |  40.0 |      62 |      19 |  23.5
   Depths:3 |   60982 |   12145 |  16.6 |      67 |      21 |  23.9
   Depths:4 |   23909 |   40981 |  63.2 |      26 |      46 |  63.9
   Depths:5 |   49576 |   23647 |  32.3 |      44 |      15 |  25.4
      Zot:1 |   23156 |       0 |   0.0 |      15 |       0 |   0.0
      Zot:2 |   47902 |       0 |   0.0 |      30 |       0 |   0.0
      Zot:3 |   14955 |       0 |   0.0 |      10 |       0 |   0.0
      Zot:4 |   20149 |       0 |   0.0 |      14 |       0 |   0.0
      Zot:5 |   56248 |  170914 |  75.2 |      39 |      41 |  51.2
      Zig:1 |    1067 |       0 |   0.0 |       3 |       0 |   0.0
      Zig:2 |    3321 |       0 |   0.0 |       2 |       0 |   0.0
      Zig:3 |    2336 |       0 |   0.0 |       5 |       0 |   0.0
      Zig:4 |    4962 |       0 |   0.0 |       5 |       0 |   0.0
      Zig:5 |    3295 |    1346 |  29.0 |       7 |       4 |  36.4
      Zig:6 |    7723 |       0 |   0.0 |      10 |       0 |   0.0
      Sewer |       0 |     112 | 100.0 |       0 |      11 | 100.0
     Bailey |       0 |    2040 | 100.0 |       0 |      27 | 100.0
      IceCv |       0 |    3989 | 100.0 |       0 |      20 | 100.0
            +---------+---------+-------+---------+---------+-------
